Map: Lost and Found LE

Players

ghostdog - Winner!

  • Race: Zerg Zerg
  • League: Platinum
  • Spawn Location: 1:00

SDoc

  • Race: Zerg Zerg
  • League: Platinum
  • Spawn Location: 7:00

VOD

Have the link to the VOD?

Description

Time

  • Played on: July 27, 2018, 6:22 p.m.
  • Length: 24:36
Show
View Real Time Build Order
Export as new Build Order

ghostdog Zerg - Winner!

Build Orders: Hatch First, Lurkers 

Get SALT Encoding   

  12  0:02  Drone  
  13  0:18  Overlord  
  13  0:22  Drone  
  14  0:37  Drone x2  
  16  0:52  Hatchery  
  15  1:13  Spawning Pool  
  15  1:17  Extractor  
  15  1:18  Drone x3  
  16  1:31  Drone  
  17  1:41  Drone  
  18  1:51  Overlord  
  18  2:01  Queen  
  18  2:05  Queen  
  22  2:09  Drone x2  
  24  2:36  Roach Warren  
  23  2:43  Evolution Chamber  
  22  2:48  Spine Crawler  
  22  2:49  Drone x3  
  24  2:59  Drone  
  24  3:00  Drone x2  
  27  3:15  Drone x3  
  30  3:20  Zerg Ground Armor Level 1  
  30  3:26  Lair  
  30  3:33  Extractor  
  29  3:34  Drone x3  
  29  3:35  Drone  
  33  3:49  Drone  
  33  3:50  Drone x2  
  33  3:54  Extractor  
  35  3:57  Overlord  
  35  3:58  Overlord  
  35  3:59  Extractor  
  34  4:03  Drone x2  
  36  4:27  Roach  
  36  4:28  Roach x5  
  48  4:34  Glial Reconstitution  
  48  4:37  Drone x3  
  51  5:00  Overlord x2  
  51  5:16  Hydralisk Den  
  51  5:17  Drone  
  51  5:18  Drone  
  51  5:20  Drone  
  53  5:23  Drone x2  
  53  5:25  Drone x2  
  53  5:26  Drone x2  
  53  5:27  Drone  
  60  5:31  Zergling x2  
  60  5:32  Roach  
  63  5:52  Hatchery  
  63  5:53  Lurker Den  
  63  5:54  Hydralisk x3  
  67  5:58  Drone  
  68  6:08  Zerg Ground Armor Level 2  
  68  6:26  Overlord  
  68  6:27  Overlord x2  
  68  6:40  Hatchery  
  67  6:52  Evolution Chamber  
  66  6:55  Hydralisk  
  66  6:56  Hydralisk x5  
  66  7:00  Roach  
  92  7:01  Roach x6  
  92  7:12  Drone  
  92  7:13  Drone x3  
  96  7:24  Lurker  
  96  7:25  Lurker  
  96  7:29  Overlord x3  
  98  7:30  Overlord x2  
  98  7:40  Overlord x2  
  98  8:01  Drone x10  
  109  8:05  Ravager  
  109  8:08  Lurker x2  
  109  8:09  Lurker x2  
  113  8:15  Hydralisk  
  113  8:16  Hydralisk x4  
  106  8:39  Hydralisk  
  106  8:40  Hydralisk x6  
  100  9:06  Hydralisk  
  100  9:07  Hydralisk x5  
  101  9:12  Drone x5  
  106  9:27  Zerg Missile Weapons Level 1  
  106  9:28  Hydralisk  
  106  9:29  Hydralisk  
  41  11:46  Drone x12  
  41  12:06  Zerg Missile Weapons Level 2, Hydralisk Den  
  41  12:55  Drone x10  
  41  12:56  Drone x2  
  41  13:08  Queen x2  
  41  13:09  Queen x2  
  41  13:16  Extractor  
  41  13:21  Extractor  
  41  13:22  Drone x2  
  41  13:23  Drone  
  41  13:25  Drone x2  
  41  13:26  Drone  
  41  13:27  Drone x2  
  41  14:06  Hydralisk x4  
  41  14:07  Hydralisk x8  
  41  14:42  Hydralisk  
  41  14:43  Hydralisk x4  
  41  14:46  Hatchery, Overlord  
  41  14:47  Overlord x2  
  41  15:09  Infestation Pit  
  41  15:10  Hydralisk x6  
  41  15:11  Hydralisk x6  
  41  15:27  Grooved Spines  
  41  16:11  Lurker x5  
  41  16:12  Lurker x3  
  41  16:15  Overlord x3  
  41  16:17  Overlord  
  41  16:35  Drone x13  
  41  16:38  Muscular Augments  
  41  16:41  Queen  
  41  17:00  Extractor  
  41  17:03  Extractor  
  41  17:09  Hive  
  41  17:41  Pneumatized Carapace  
  41  17:46  Burrow  
  41  17:51  Drone x3  
  41  17:53  Drone  
  41  17:54  Drone x2  
  41  17:56  Overlord x3  
  41  18:20  Adaptive Talons  
  41  18:24  Zerg Missile Weapons Level 3  
  41  18:27  Zerg Ground Armor Level 3  
  41  18:35  Overseer  
  41  18:58  Ultralisk Cavern  
  41  21:04  Chitinous Plating  
  41  21:07  Zerg Melee Weapons Level 1  
  41  21:39  Hatchery  
  41  22:02  Extractor  
  41  22:06  Extractor  
  41  22:11  Tunneling Claws  
  41  22:22  Spire  
  41  23:07  Queen  
  41  23:36  Hatchery  
  41  23:39  Mutalisk x12  
  41  23:40  Mutalisk x9  
Show
View Real Time Build Order
Export as new Build Order

SDoc Zerg 

Build Orders: Hatch First 

Get SALT Encoding   

  12  0:01  Drone  
  13  0:16  Overlord  
  13  0:17  Drone  
  14  0:35  Drone x2  
  16  0:44  Drone  
  17  0:53  Hatchery  
  16  0:57  Drone  
  16  1:00  Extractor  
  16  1:01  Drone  
  17  1:14  Drone  
  18  1:21  Spawning Pool  
  17  1:27  Drone  
  18  1:33  Drone  
  19  1:42  Overlord  
  19  2:08  Metabolic Boost  
  19  2:09  Queen x2  
  19  2:11  Zergling x4  
  19  2:12  Zergling x2  
  26  2:20  Drone x2  
  28  2:34  Drone x2  
  30  2:51  Queen  
  30  2:52  Pneumatized Carapace  
  30  2:56  Drone x4  
  35  3:14  Overlord  
  35  3:15  Overlord  
  35  3:16  Spine Crawler  
  34  3:32  Drone x2  
  34  3:33  Drone x4  
  40  3:35  Queen  
  40  3:40  Extractor  
  41  4:01  Drone x3  
  44  4:03  Overlord  
  44  4:04  Drone  
  44  4:07  Drone x3  
  48  4:24  Lair  
  48  4:32  Extractor  
  48  4:33  Drone  
  48  4:34  Drone x2  
  48  4:35  Drone  
  51  4:42  Drone  
  51  4:44  Extractor, Drone  
  51  4:45  Drone x2  
  54  4:46  Overlord x2  
  54  5:18  Hatchery  
  53  5:29  Drone  
  54  5:39  Spire  
  54  5:40  Drone x2  
  55  5:48  Zergling x4  
  57  6:18  Drone x2  
  59  6:23  Spine Crawler x3  
  56  6:41  Drone x5  
  56  6:42  Drone x4  
  56  6:43  Overlord x3  
  65  6:51  Mutalisk x2  
  65  6:52  Mutalisk x6  
  81  7:04  Overlord x2  
  81  7:05  Drone x4  
  81  7:06  Drone x2  
  87  7:16  Hatchery  
  87  7:19  Mutalisk x6  
  98  7:24  Zerg Flyer Weapons Level 1  
  98  7:41  Mutalisk x3  
  98  7:42  Mutalisk  
  102  8:01  Extractor  
  101  8:31  Overseer  
  101  8:32  Overseer x2  
  98  8:46  Mutalisk, Roach Warren  
  98  8:47  Mutalisk x5  
  90  9:00  Mutalisk  
  93  9:02  Zergling x2  
  93  9:03  Zergling x28  
  105  9:33  Hatchery  
  98  9:47  Hatchery  
  98  9:48  Roach x3  
  98  9:49  Roach x7  
  98  9:50  Roach  
  98  9:51  Roach  
  112  10:01  Roach  
  104  10:28  Overlord  
  104  10:29  Overlord x8  
  84  10:45  Roach x2, Zergling x2  
  65  10:53  Roach x3  
  54  11:03  Roach x2  
Tags
 
Add a new tag
Caveats
  • Supply blocks, unpowered buildings, or Contaminate may cause inaccurate times.
  • Supply counts are checked every 10 seconds.